 Dungeon Crawl Stone Soup version 0.30.1-4-g462c640d31 (webtiles) character file.

Game seed: 15116069148986304965

627 hawla the Firebug (level 8, -2/87 HPs)
             Began as a Meteoran Fire Elementalist on Aug 29, 2023.
             Succumbed to a water moccasin's poison
             ... on level 5 of the Dungeon.
             The game lasted 00:06:21 (1354 turns).

hawla the Firebug (Meteoran Fire Elementalist)      Turns: 1354, Time: 00:06:22

Health: -2/87      AC:  2    Str: 10    XL:     8   Next: 5%
Magic:  8/16       EV: 13    Int: 18    God:
Gold:   160        SH:  0    Dex: 15    Spells: 10/17 levels left

rFire   . . .        g - staff of cold
rCold   + . .        (no shield)
rNeg    . . .        a - +0 robe
rPois   .            (no helmet)
rElec   .            (no cloak)
rCorr   .            (no gloves)
SInv    .            (no boots)
Will    +....        (no amulet) Stlth
                     (no ring)
HPRegen 0.34/turn    (no ring)
MPRegen 0.15/turn

%: no passive effects
@: berserking, lethally poisoned (-2 -> -20), glowing, very quick
A: sense surroundings 1, otherworldly, glowing, explore regen
a: no special abilities


You were on level 5 of the Dungeon.
You visited 1 branch of the dungeon, and saw 5 of its levels.

You collected 160 gold pieces.

Inventory:

Hand Weapons
 e - a +0 flail
Armour
 a - a +0 robe (worn)
Magical Staves
 g - a staff of cold (weapon)
Scrolls
 h - a scroll of amnesia
Potions
 b - a potion of degeneration
 i - a potion of might {unknown}


   Skills:
 + Level 0.9 Fighting
 + Level 3.4 Dodging
 - Level 1.4 Stealth
 + Level 5.0 Spellcasting
 + Level 4.9 Conjurations
 + Level 5.1 Fire Magic
 + Level 3.0 Ice Magic
 + Level 3.0 Evocations


You had 10 spell levels left.
You knew the following spells:

 Your Spells              Type           Power      Damage    Failure   Level
a - Foxfire               Conj/Fire      88%        2x1d8     1%          1
b - Scorch                Fire           46%        2d7       2%          2
c - Flame Wave            Conj/Fire      22%        2d8       17%         4

Your spell library contained the following spells:

 Spells                   Type           Power      Damage    Failure   Level
 Inner Flame              Hex/Fire       13%        N/A       14%         3
 Volatile Blastmotes      Fire/Tloc      26%        2d12      14%         3
 Sticky Flame             Conj/Fire      22%        2d4       17%         4
 Gell's Gravitas          Tloc           4%         N/A       36%         3
 Teleport Other           Tloc           4%         N/A       36%         3
 Dispersal                Tloc           2%         N/A       100%        6


Dungeon Overview and Level Annotations

Branches:
Dungeon (5/15) Zot: 1642
 Temple: D:4-7

Altars:


Innate Abilities, Weirdness & Mutations

You passively map a small area around you.
You are easily found by Zot.
You glow in the dark.
You regain HP and MP as you explore.


Message History

Press: ? - help, Dir - look around, f - activate A wave of flame ripples out!
The flame wave engulfs the water moccasin!
The water moccasin is burned terribly!
The water moccasin is heavily wounded. (Press . to intensify the flame waves.)
You hear an angry hiss.
The water moccasin bites you!
You are lethally poisoned!
The water moccasin poisons you!
A wave of flame ripples out!
The flame wave engulfs the water moccasin.
The water moccasin is burned terribly!
The water moccasin is severely wounded.
* * * LOW HITPOINT WARNING * * *
You feel very sick.
You hear an angry hiss.
The water moccasin closely misses you. The water moccasin bites you.
* * * LOW HITPOINT WARNING * * *
You are more poisoned.
The water moccasin poisons you!
A wave of flame ripples out!
The flame wave engulfs the water moccasin!
The water moccasin is burned terribly!
You kill the water moccasin!
The flame wave engulfs the orc warrior.
The orc warrior is lightly wounded.
You finish channelling waves of flame.
* * * LOW HITPOINT WARNING * * *
You feel very sick.
Training target 3.0 for Ice Magic reached!
Your Ice Magic skill increases to level 3!
You need to enable at least one skill for training.
Your Spellcasting skill increases to level 5!
Your Fire Magic skill increases to level 5!
You have reached level 8!
It was a potion of berserk rage.
A red film seems to cover your vision as you go berserk!
You feel yourself moving faster!
You feel mighty!
You die...

** * * ,, * * ,, , ,, , , ,
, * *, ,,, ,, , # , , ,,
##+###'########+########
)..............o@.......
........................
......>.................
...)....................
........................ *
####...##..################
####...##..#..............#
..#..>...†.#..............#
..#........'..............#


You could see an orc warrior.

Vanquished Creatures
  A water moccasin (D:5)
  An ice beast (D:4)
  An ogre (D:5)
  A phantom (D:5)
  2 scorpions (D:5)
  A hound (D:5)
  A sleepcap (D:5)
  An orc wizard (D:5)
  4 adders
  An ufetubus (D:4)
  2 dart slugs
  5 orcs
  2 giant cockroaches (D:3)
  3 goblins
  A hobgoblin (D:4)
  5 jackals (D:5)
  3 ball pythons (D:4)
  2 bats (D:3)
  2 kobolds
  A rat (D:2)
40 creatures vanquished.

Vanquished Creatures (others)
  61 foxfires
61 creatures vanquished.

Grand Total: 101 creatures vanquished

Notes
Turn   | Place    | Note
-------+----------+-------------------------------------------
     0 | D:1      | hawla the Meteoran Fire Elementalist began the quest for
                  | the Orb.
     0 | D:1      | Reached XP level 1. HP: 14/14 MP: 5/5
    96 | D:3      | Reached XP level 2. HP: 20/20 MP: 0/7
    99 | D:3      | Learned a level 2 spell: Scorch
   214 | D:4      | Reached XP level 3. HP: 26/26 MP: 3/8
   766 | D:4      | Noticed an ice beast
   769 | D:4      | Reached XP level 4. HP: 31/33 MP: 6/10
   780 | D:4      | Killed an ice beast
   781 | D:4      | Reached XP level 5. HP: 39/39 MP: 0/13
   801 | D:4      | Learned a level 4 spell: Flame Wave
   958 | D:5      | Entered Level 5 of the Dungeon
  1154 | D:5      | Reached XP level 6. HP: 46/46 MP: 9/14
  1207 | D:5      | Reached skill level 1 in Evocations
  1207 | D:5      | Reached XP level 7. HP: 41/51 MP: 5/15
  1266 | D:5      | Reached skill level 1 in Ice Magic
  1332 | D:5      | Noticed a water moccasin
  1353 | D:5      | Killed a water moccasin
  1353 | D:5      | HP: 1/51 [poisoned by a water moccasin]
  1354 | D:5      | Reached skill level 5 in Spellcasting
  1354 | D:5      | Reached skill level 5 in Fire Magic
  1354 | D:5      | Reached XP level 8. HP: 1/58 MP: 8/16
  1354 | D:5      | Succumbed to a water moccasin's poison

Illustrated notes

Levels and vault maps discovered:
D:1:      noname_arrival_rooms_in_the_neighbourhood, layout_basic
D:2:      layout_basic, chequers_ecumenical_altar_island, chequers_garden,
          minmay_tetromino_i2
D:3:      minmay_recursive_quarters, layout_loops_ring, solitary_fountain,
          uniq_robin
D:4:      layout_loops_corners, hangedman_minor_gate_pass
D:5:      minmay_inner_zag, layout_gridville, minmay_temple_entry_waves

Skill      XL: |  1  2  3  4  5  6  7 |
---------------+----------------------+-----
Spellcasting   | 3 4 5 |  5.0
Fire Magic     | 4 5 |  5.1
Dodging        | 3 |  3.4
Conjurations   | 3 4 |  4.9
Evocations     | 1 3 |  3.0
Ice Magic      | 3 |  3.0
Fighting       | |  0.9
Stealth        | |  1.4

Action                     |  1- 3 |  4- 6 |  7- 9 || total
---------------------------+-------+-------+-------++-------
  Melee: Unarmed           |    14 |       |       ||    14
         Flail             |     7 |     2 |       ||     9
         Staff             |       |     7 |     5 ||    12
   Cast: Foxfire           |    19 |     7 |    11 ||    37
         Scorch            |    12 |    17 |    11 ||    40
         Flame Wave        |       |     2 |     1 ||     3
    Use: Scroll            |       |     2 |     2 ||     4
         Potion            |       |     2 |     2 ||     4
 Armour: Robe              |    17 |     7 |     1 ||    25
  Dodge: Dodged            |    27 |    27 |     8 ||    62
